cohdb
Replays
Latest Replays
All Replays
Popular Replays
Top Player Replays
Match Explorer
How It Works
Community
CoH3 Stats
Reddit
Sign in to upload your games and track your stats! →
Sign in with Steam
Match 40577102
Unlisted
Match 40577102
Overview
Messages
Build Orders
End
Construct Section Command Post
Vickers Machine Gun Team
Dingo Light Scout Car
Selects Canadian Shock Battlegroup
ML 3-inch Mortar Team
Selects Attacking Spirit
Selects Canadian Shock Section
Canadian Shock Section
Construct Platoon Command Post
CMP 15cwt Truck
Canadian Shock Section
Selects Incendiary Munitions
Forward Retreat Point
Unlock Bishop Self-propelled Artillery
Bishop Self-propelled Artillery
Selects Pyrotechnics
Canadian Shock Section
Doubletap
Scuzzle
FoxTroT
Jam Sandwich
fluffysaurus
Aveluk
Vandernesh
Aprosarmosto
0
0
Comments
sign in to comment!
No comments posted yet!